 Dungeon Crawl Stone Soup version 0.27-a0-1448-g9c78c815f3 (webtiles) character file.

Game seed: 2711887842543527148

232309 AarnesTheHuman the Warrior (level 20, -1/166 HPs)
             Began as a Formicid Abyssal Knight on July 5, 2021.
             Was the Champion of Lugonu.
             Killed by the air
             ... invoked by a wind drake
              (11 damage)
             ... on level 2 of the Shoals.
             The game lasted 03:01:40 (57294 turns).

AarnesTheHuman the Warrior (FoAK)                  Turns: 57294, Time: 03:01:41

Health: -1/166     AC: 33    Str: 25    XL:     20   Next: 32%
Magic:  29/29      EV: 13    Int: 14    God:    Lugonu [******]
Gold:   2898       SH: 23    Dex: 14    Spells: 19/24 levels left

rFire    + . .     SeeInvis +   a - +6 glaive of Qiaffaoclek {pain, rF+ rC+}
rCold    + . .     Faith    .   V - +2 tower shield
rNeg     + . .     Spirit   .   n - +12 plate armour of Ixemm {Int+2}
rPois    +         Reflect  .   (helmet unavailable)
rElec    .         Harm     .   w - scarf {repulsion}
rCorr    +         Rampage  .   m - +2 pair of gloves
Will     ++++.                  i - +0 pair of boots
Stlth    ..........             Z - necklace of Bloodlust {*Rage +Rage Will++ Int-3 Slay+6}
HPRegen  0.37/turn              L - ring of Elyvilon's Regard {rPois rN+ rCorr Dex+4 Stlth+}
MPRegen  0.21/turn              r - +4 ring of evasion

@: spiked, repel missiles, very slow
A: permanent stasis, dig shafts and tunnels, antennae 3, four strong arms,
clever 1, sturdy frame 1
}: 1/15 runes: gossamer
a: Dig, Shaft Self, Renounce Religion, Depart the Abyss, Bend Space, Banish,
Corrupt, Enter the Abyss, Brand Weapon With Distortion


You were on level 2 of the Shoals.
You worshipped Lugonu.
Lugonu was exalted by your worship.
You visited 6 branches of the dungeon, and saw 30 of its levels.
You visited the Abyss 2 times.
You also visited: Bailey.

You collected 4930 gold pieces.
You spent 2032 gold pieces at shops.

Inventory:

Hand Weapons
 a - the +6 glaive of Qiaffaoclek (weapon) {pain, rF+ rC+}
   (You acquired it on level 5 of the Dungeon)

   In the hands of one skilled in necromantic magic, it inflicts extra damage on
   living creatures.
   rF:        It protects you from fire.
   rC:        It protects you from cold.
 b - a +5 vorpal arbalest
 H - a +2 spear of distortion
 W - a +6 demon trident of draining
 Y - the +3 falchion of Usin {holy, *Slow +Blink rElec}
   (You took it off a centaur warrior on level 11 of the Dungeon)

   It has been blessed by the Shining One to cause great damage to the undead
   and demons.
   rElec:     It insulates you from electricity.
   +Blink:    It lets you blink.
   *Slow:     It may slow you when you take damage.
Missiles
 F - 4 throwing nets
 I - 71 poisoned darts (quivered)
 R - 673 arrows
 T - 572 bolts
Armour
 i - a +0 pair of boots (worn)
 m - a +2 pair of gloves (worn)
 n - the +12 plate armour of Ixemm (worn) {Int+2}
   (You bought it in a shop on level 2 of the Orcish Mines)

   Int:       It affects your intelligence (+2).
 w - a scarf of repulsion (worn)
 V - a +2 tower shield (worn)
Jewellery
 j - a ring of positive energy
 k - a +6 ring of dexterity
 r - a +4 ring of evasion (right hand)
 G - a ring of fire
 L - the ring of Elyvilon's Regard (left hand) {rPois rN+ rCorr Dex+4 Stlth+}
   (You took it off a kobold brigand on level 9 of the Dungeon)

   [ring of poison resistance]

   Dex:       It affects your dexterity (+4).
   rPois:     It protects you from poison.
   rN:        It protects you from negative energy.
   rCorr:     It protects you from acid and corrosion.
   Stlth:     It makes you more stealthy.
 Z - the necklace of Bloodlust (around neck) {*Rage +Rage Will++ Int-3 Slay+6}
   (You found it in a bailey)

   [amulet of nothing]

   It extends the wearer's berserk rage when killing foes.
   Int:       It affects your intelligence (-3).
   Slay:      It affects your accuracy & damage with ranged weapons and melee
   (+6).
   +Rage:     It lets you go berserk.
   *Rage:     It may make you go berserk in combat.
   Will:      It greatly increases your willpower.
Wands
 g - a wand of paralysis (26)
 p - a wand of digging (14)
 C - a wand of acid (11)
 D - a wand of iceblast (28)
 K - a wand of flame (84)
 O - a wand of polymorph (9)
Scrolls
 e - 17 scrolls of identify
 h - 2 scrolls of silence
 l - a scroll of brand weapon
 u - 4 scrolls of magic mapping
 y - 5 scrolls of fear
 J - a scroll of acquirement
 N - 2 scrolls of fog
 Q - a scroll of summoning
 X - 3 scrolls of enchant weapon
Potions
 d - 5 potions of lignification
 o - 3 potions of heal wounds
 s - a potion of invisibility
 t - 7 potions of curing
 v - a potion of brilliance
 x - 2 potions of magic
 z - 5 potions of attraction
 A - 5 potions of mutation
 B - 3 potions of cancellation
 E - a potion of resistance
 M - 6 potions of ambrosia
 P - 3 potions of flight
Miscellaneous
 f - a phial of floods


   Skills:
 + Level 16.6 Fighting
 - Level 2.0 Long Blades
 + Level 14.8 Polearms
 * Level 13.7 Crossbows
 + Level 14.6 Armour
 - Level 0.8 Dodging
 - Level 15.0 Shields
 - Level 2.9 Spellcasting
 - Level 5.4 Necromancy
 - Level 3.4 Earth Magic
 - Level 12.0 Invocations


You had 19 spell levels left.
You knew the following spells:

 Your Spells              Type           Power      Damage    Failure   Level
a - Borgnjor's Vile Clut  Necr/Erth      7%         N/A       99%         5

Your spell library contained the following spells:

 Spells                   Type           Power      Damage    Failure   Level
 Animate Skeleton         Necr           34%        N/A       12%         1
 Pain                     Necr           68%        1d7       12%         1
 Sublimation of Blood     Necr           8%         N/A       17%         2
 Sandblast                Erth           22%        2d7       26%         1
 Vampiric Draining        Necr           8%         2d7       34%         3
 Passwall                 Tmut/Erth      5%         N/A       61%         2
 Corona                   Hex            2%         N/A       71%         1
 Freeze                   Ice            8%         1d3       71%         1
 Summon Small Mammal      Summ           8%         N/A       71%         1
 Animate Dead             Necr           8%         N/A       75%         4
 Stone Arrow              Conj/Erth      12%        3d7       83%         3
 Ensorcelled Hibernation  Hex/Ice        4%         N/A       85%         2
 Wereblood                Tmut           2%         N/A       85%         2
 Call Canine Familiar     Summ           2%         N/A       97%         3
 Dazzling Flash           Conj/Hex       4%         N/A       97%         3
 Frozen Ramparts          Ice            4%         1d2       97%         3
 Gell's Gravitas          Tloc           1%         N/A       97%         3
 Portal Projectile        Hex/Tloc       4%         N/A       97%         3
 Spider Form              Tmut/Pois      1%         N/A       97%         3
 Teleport Other           Tloc           2%         N/A       97%         3
 Tukima's Dance           Hex            2%         N/A       97%         3
 Agony                    Necr           17%        N/A       97%         5
 Animate Armour           Summ/Erth      12%        N/A       99%         4
 Leda's Liquefaction      Hex/Erth       3%         N/A       99%         4
 Cause Fear               Hex            1%         N/A       100%        4
 Hailstorm                Conj/Ice       2%         3d3       100%        4
 Ice Form                 Ice/Tmut       2%         N/A       100%        4
 Summon Ice Beast         Ice/Summ       2%         N/A       100%        4
 Alistair's Intoxication  Tmut/Pois      1%         N/A       100%        5
 Bolt of Magma            Conj/Fire/Erth 2%         4d4       100%        5
 Freezing Cloud           Conj/Ice/Air   1%         6-21      100%        5
 Lee's Rapid Deconstruct  Erth           5%         3d7*      100%        5
 Manifold Assault         Tloc           2%         N/A       100%        5
 Silence                  Hex/Air        1%         N/A       100%        5
 Summon Mana Viper        Hex/Summ       2%         N/A       100%        5
 Dispersal                Tloc           1%         N/A       100%        6
 Eringya's Noxious Bog    Tmut/Pois      1%         N/A       100%        6
 Shadow Creatures         Summ           N/A        N/A       100%        6
 Simulacrum               Ice/Necr       4%         N/A       100%        6
 Dragon Form              Tmut           1%         N/A       100%        7
 Haunt                    Necr/Summ      4%         N/A       100%        7
 Monstrous Menagerie      Summ           1%         N/A       100%        7
 Storm Form               Tmut/Air       1%         N/A       100%        7
 Summon Hydra             Summ           1%         N/A       100%        7
 Infestation              Necr           8%         N/A       100%        8
 Dragon's Call            Summ           1%         N/A       100%        9
 Polar Vortex             Ice            1%         N/A       100%        9
 Shatter                  Erth           5%         3d8*      100%        9
 Blink                    Tloc           Unusable   N/A       N/A         2

Dungeon Overview and Level Annotations

Branches:
Dungeon (15/15)            Temple (1/1) D:5            Lair (6/6) D:9
 Shoals (2/4) Lair:3       Spider (4/4) Lair:4        Slime (0/5) Lair:6
    Orc (2/2) D:11            Elf (0/3) Orc:2        Vaults (0/5) D:13
 Depths (0/5) D:15         Bailey (visited)

Altars:
Cheibriados
Dithmenos
Fedhas
Gozag
Hepliaklqana
Makhleb
Okawaru
Qazlal
Ru
Uskayaw
Vehumet
Wu Jian
Xom
Yredelemnul
Zin
Beogh

Shops:
D:3 (   D:8 [   D:10 ?   D:12 *   Orc:2 [?([   Shoals:1 :

Annotations:
Spider:4 corrupted


Innate Abilities, Weirdness & Mutations

You cannot be hasted, slowed, berserked, paralysed or teleported.
You can dig through walls and to a lower floor.
You have a pair of large antennae on your head. (SInv)
Your four strong arms can wield two-handed weapons with a shield.
Your mind is acute. (Int +2)
Your movements are slightly less encumbered by armour. (ER -2)


Message History

The manticore flicks its tail.
The volley of spikes hits you.
The barbed spikes become lodged in your body.
You block the wind drake's attack. Space bends sharply around you!
The wind drake blinks!
You blink.
Splash!
The wind drake flaps its wings at you. The air twists around and strikes you!
The manticore flicks its tail.
You block the volley of spikes.
The wind drake exhales a fierce blast of wind!
You are blown backwards!
Splash!
The water nymph casts a spell at you. The water swirls and strikes you!
You slice the plant!!
The plant begins to die.
The plant is lightly damaged.
The wind drake exhales a fierce blast of wind!
You collide with the plant!
The plant begins to die.
The barbs in your skin will harm you if you move.
Continue?
The barbed spikes dig painfully into your body as you move.
The wind drake exhales a fierce blast of wind!
You are blown backwards!
Splash!
Found 20 gold pieces.
The barbed spikes dig painfully into your body as you move.
* * * LOW HITPOINT WARNING * * *
The wind drake flaps its wings at you. The air twists around and strikes you.
The water nymph gestures at you while chanting.
The water swirls and strikes you!!
* * * LOW HITPOINT WARNING * * *
The water nymph gestures at you while chanting.
The water swirls and strikes you!
* * * LOW HITPOINT WARNING * * *
Okay, then.
You fail to use your ability.
A nearby plant withers and dies. x2
The wind drake flaps its wings at you. The air twists around and strikes you!
You die...

#..≈§≈≈≈≈≈≈≈≈≈≈≈≈≈≈≈≈≈...
###.≈≈≈≈≈≈m≈≈≈≈≈≈≈≈≈≈≈≈≈≈
#.≈≈≈H≈H≈≈≈≈≈≈≈≈≈≈≈≈≈..
##.≈≈≈≈≈≈≈kk≈≈≈≈≈≈≈≈≈...
.#..≈≈P≈≈≈kP≈≈≈≈≈≈≈≈≈≈≈≈.
#..≈≈≈≈P≈PPP≈≈≈≈P≈≈≈≈≈≈≈.
.≈≈≈≈≈≈≈≈≈....PP≈≈≈≈≈≈≈≈.
≈≈≈≈≈≈≈≈≈..###.≈≈≈≈≈≈≈≈≈#
≈≈≈≈≈≈≈≈≈.## ##.@≈≈≈≈≈≈≈$
≈≈≈≈≈≈≈≈.<.###...≈≈≈≈≈≈≈.
≈≈≈≈≈!≈≈....#.≈≈≈≈≈≈≈≈≈≈.
≈≈≈≈≈≈≈...:...≈..≈≈≈≈≈≈≈.
.$≈≈≈≈≈≈≈≈≈≈≈<.....≈≈≈≈≈.
...≈....≈.........≈≈≈≈≈.
...≈........$....≈≈≈≈≈.
..≈≈≈≈...........≈≈≈≈≈
.≈..≈≈..[...≈.###..≈


You could see 3 wind drakes, a manticore and a water nymph.

Vanquished Creatures
  Gastronok (D:12)
  2 orc warlords
  A ghost moth (Spider:4)
  Louise (D:15)
  2 emperor scorpions (Spider:4)
  Azrael (D:15)
  5 entropy weavers (Spider:2)
  3 spark wasps
  2 ettins
  A fire dragon (D:11)
  3 vault guards (D:12)
  2 catoblepae
  5 boulder beetles
  3 two-headed ogres
  7 hydras
  An alligator snapping turtle (Shoals:1)
  A death knight (D:14)
  An anaconda (Lair:6)
  7 centaur warriors
  3 death yaks (Lair:5)
  A tengu warrior (D:15)
  8 death scarabs (Spider:4)
  Urug (Lair:2)
  An orc high priest (Orc:1)
  A hell knight (D:15)
  3 skeletal warriors (D:12)
  A spectral emperor scorpion (Spider:4)
  A deep troll (D:15)
  A sea snake (Shoals:1)
  2 wizards
  4 wolf spider zombies
  3 deep elf pyromancers
  2 necromancers
  4 spectral wolf spiders (Spider:4)
  4 oklob plants (Lair:6)
  10 orb spiders
  23 wolf spiders
  12 harpies (Shoals:1)
  6 orc knights
  5 manticores
  12 ugly things
  7 cyclopes
  2 orc sorcerers
  5 fauns (Shoals:1)
  3 moths of wrath
  A merfolk siren (Shoals:1)
  8 elephants
  A guardian serpent (Lair:6)
  3 gargoyles
  11 black mambas
  3 water nymphs (Shoals:1)
  26 cane toads
  A yaktaur (D:13)
  2 spectral redbacks (Spider:4)
  15 komodo dragons
  2 freezing wraiths
  A tengu conjurer (D:9)
  4 kobold demonologists
  14 demonic crawlers
  6 rime drakes
  3 redback zombies (Spider:4)
  13 polar bears
  A queen bee (Spider:1)
  4 spectral tarantellas (Spider:4)
  3 merfolk (Shoals:1)
  28 jumping spiders
  6 meliai
  6 trolls
  A wind drake (Shoals:1)
  2 tarantella zombies (Spider:4)
  2 spectral jumping spiders (Spider:4)
  29 blink frogs
  6 raiju (Lair:6)
  9 slime creatures
  10 hornets
  4 dream sheep (Shoals:1)
  4 snapping turtles (Shoals:1)
  81 redbacks
  2 shadows (D:10)
  37 tarantellas
  8 spriggans (Lair:1)
  2 fire elementals (D:15)
  A vampire (D:9)
  2 water elementals (Shoals:1)
  6 wraiths
  15 wyverns
  18 humans
  42 yaks
  2 steam dragons (D:9)
  7 basilisks
  5 wargs
  Edmund (D:6)
  26 water moccasins
  An acid dragon (D:10)
  12 hell hounds
  A spectral hornet (Spider:4)
  5 sky beasts
  13 black bears
  4 hornet zombies
  2 ice beasts
  46 orc warriors
  7 ogres
  A necrophage (D:8)
  35 wolves
  A boggart (D:9)
  14 centaurs
  2 phantoms
  11 kobold brigands
  18 bullfrogs
  5 gnoll sergeants
  A wyvern zombie (D:7)
  32 killer bees
  5 wights (D:8)
  3 howler monkeys
  5 centaur zombies
  6 jellies
  4 hounds
  A centaur skeleton (D:7)
  A gnoll shaman (D:9)
  2 bullfrog skeletons (D:6)
  30 orc priests
  4 iguanas
  24 orc wizards
  A scorpion zombie (D:5)
  A killer bee zombie (D:8)
  A howler monkey skeleton (D:7)
  4 howler monkey zombies
  14 gnolls
  8 adders
  3 shadow imps
  2 ufetubi
  An adder skeleton (D:4)
  5 dart slugs
  2 worms
  132 orcs
  9 ball pythons
  7 endoplasms
  4 giant cockroaches
  10 goblins
  6 hobgoblins
  20 jackals
  2 quokkas (D:3)
  5 bats
  A frilled lizard (D:1)
  22 kobolds
  8 rats
1222 creatures vanquished.

Vanquished Creatures (others)
  A boulder beetle (Spider:4)
  An orb spider (Spider:4)
  4 wolf spiders (Spider:4)
  A tengu conjurer (D:15)
  3 jumping spiders (Spider:4)
  5 tarantellas (Spider:4)
  10 redbacks (Spider:4)
  A wight (D:9)
  An orc (D:6)
  A kobold (D:8)
  25 fungi
  104 plants
157 creatures vanquished.

Grand Total: 1379 creatures vanquished

Notes
Turn   | Place    | Note
-------+----------+-------------------------------------------
     0 | Abyss:1  | AarnesTheHuman the Formicid Abyssal Knight began the quest
                  | for the Orb.
     0 | Abyss:1  | Reached XP level 1. HP: 18/18 MP: 2/2
     7 | D:1      | Escaped the Abyss
   218 | D:1      | Reached XP level 2. HP: 20/24 MP: 3/3
   689 | D:1      | Reached XP level 3. HP: 29/29 MP: 5/5
   761 | D:1      | Reached ** piety under Lugonu
  1529 | D:2      | Reached XP level 4. HP: 11/37 MP: 6/6
  1761 | D:2      | Found a faded altar of an unknown god.
  2184 | D:2      | Reached skill level 4 in Fighting
  2387 | D:2      | Reached XP level 5. HP: 42/42 MP: 8/8
  2943 | D:3      | Found an iron altar of Okawaru.
  2946 | D:3      | Reached *** piety under Lugonu
  2961 | D:3      | Found Osudu's Antique Weapon Shop.
  4187 | D:4      | Found a sacrificial altar of Ru.
  4199 | D:4      | Reached skill level 5 in Invocations
  4295 | D:4      | Noticed an ogre
  4296 | D:4      | Found a hide-covered altar of Uskayaw.
  4649 | D:3      | Killed an ogre
  4650 | D:3      | Reached XP level 6. HP: 12/50 MP: 9/9
  4976 | D:4      | Reached skill level 5 in Fighting
  5127 | D:4      | Reached XP level 7. HP: 52/56 MP: 10/10
  5308 | D:4      | Reached skill level 5 in Armour
  5675 | D:5      | Entered Level 5 of the Dungeon
  5677 | D:5      | Identified a scroll of acquirement
  5677 | D:5      | Acquired the +6 glaive of Qiaffaoclek {pain, rF+ rC+}
  5931 | D:5      | Reached skill level 1 in Polearms
  5963 | D:5      | Reached skill level 6 in Fighting
  5963 | D:5      | Reached XP level 8. HP: 52/64 MP: 12/12
  6338 | D:5      | Found a staircase to the Ecumenical Temple.
  6424 | Temple   | Entered the Ecumenical Temple
  6829 | D:5      | Found an ornate altar of the Wu Jian Council.
  7068 | D:6      | Found a snail-covered altar of Cheibriados.
  7328 | D:6      | Reached skill level 7 in Fighting
  7794 | D:6      | Reached XP level 9. HP: 72/72 MP: 14/14
  8157 | D:6      | Noticed Edmund
  8175 | D:6      | Killed Edmund
  9063 | D:6      | Found a stormy altar of Qazlal.
  9318 | D:7      | Reached **** piety under Lugonu
  9685 | D:7      | Noticed a two-headed ogre
  9689 | D:7      | Killed a two-headed ogre
  9690 | D:7      | Reached skill level 8 in Fighting
  9690 | D:7      | Reached skill level 5 in Polearms
  9690 | D:7      | Reached XP level 10. HP: 60/82 MP: 14/16
  9965 | D:7      | Found a radiant altar of Vehumet.
 10536 | D:8      | Found Zurulil's Antique Armour Shoppe.
 10548 | D:8      | Bought a kite shield for 148 gold pieces
 10580 | D:8      | Reached skill level 1 in Shields
 11053 | D:7      | Reached skill level 9 in Fighting
 11588 | D:8      | Noticed a two-headed ogre
 12122 | D:8      | Noticed a cyclops
 12123 | D:8      | Noticed a centaur warrior
 12126 | D:8      | Banished a centaur warrior
 12128 | D:8      | Banished a cyclops
 12721 | D:7      | Killed a two-headed ogre
 12722 | D:7      | Reached skill level 5 in Shields
 12722 | D:7      | Reached XP level 11. HP: 47/89 MP: 17/17
 13221 | D:7      | Found a radiant altar of Vehumet.
 13683 | D:8      | Identified the +1 ring mail of Unreason {Harm rC+ Will+}
 13683 | D:8      | Noticed an eight-headed hydra
 13685 | D:8      | Banished an eight-headed hydra
 13784 | D:8      | Noticed a centaur warrior
 13791 | D:8      | Killed a centaur warrior
 13792 | D:8      | Reached skill level 10 in Fighting
 13953 | D:8      | Gained mutation: Your mind is acute. (Int +2) [potion of
                  | mutation]
 13953 | D:8      | Gained mutation: Your movements are slightly less
                  | encumbered by armour. (ER -2) [potion of mutation]
 14033 | D:9      | Found a staircase to the Lair.
 14264 | D:9      | Noticed a centaur warrior
 14272 | D:9      | Killed a centaur warrior
 14278 | D:9      | Reached ***** piety under Lugonu
 14846 | D:9      | Noticed a manticore
 14851 | D:9      | Reached skill level 10 in Armour
 14861 | D:9      | Killed a manticore
 15019 | D:8      | Reached XP level 12. HP: 50/98 MP: 18/18
 15504 | D:9      | Identified the +1 scale mail of Mapnagh {rPois rF+}
 15896 | D:9      | Noticed a two-headed ogre
 15903 | D:9      | Killed a two-headed ogre
 15904 | D:9      | Reached skill level 11 in Fighting
 15978 | D:9      | Identified the ring of Elyvilon's Regard {rPois rN+ rCorr
                  | Dex+4 Stlth+}
 16029 | D:9      | Found a glowing silver altar of Zin.
 16032 | D:9      | Found a burning altar of Makhleb.
 16032 | D:9      | Found an opulent altar of Gozag.
 16084 | D:9      | Got the Volume of Creative Ice
 16104 | D:9      | Identified the +3 robe of Rochirghe {Int+6}
 16104 | D:9      | Noticed a centaur warrior
 16229 | D:9      | Killed a centaur warrior
 16845 | D:9      | Found a blossoming altar of Fedhas.
 17024 | D:10     | Entered Level 10 of the Dungeon
 17191 | D:10     | Found a shimmering altar of Xom.
 17461 | D:10     | Found Fomutiah's Magic Scroll Emporium.
 17695 | D:10     | Found a basalt altar of Yredelemnul.
 17784 | D:11     | Noticed a sun demon
 18066 | D:10     | Noticed a soul eater
 19038 | D:8      | Reached XP level 13. HP: 106/106 MP: 20/20
 19327 | D:8      | Bought a shiny plate armour for 858 gold pieces
 19436 | D:11     | Reached skill level 10 in Polearms
 19520 | D:11     | Noticed a boulder beetle
 19522 | D:11     | Noticed a fire dragon
 19523 | D:11     | Noticed a centaur warrior
 19523 | D:11     | Noticed a boulder beetle
 19867 | D:11     | Found a staircase to the Orcish Mines.
 20012 | D:11     | Noticed an eight-headed hydra
 20012 | D:11     | Identified the +3 falchion of Usin {holy, *Slow +Blink
                  | rElec}
 20036 | D:11     | Killed a centaur warrior
 20337 | D:11     | Killed a boulder beetle
 20338 | D:11     | Reached skill level 12 in Fighting
 20338 | D:11     | Reached skill level 10 in Shields
 20536 | D:11     | Banished an eight-headed hydra
 21004 | D:11     | Killed a fire dragon
 21213 | D:11     | Killed a boulder beetle
 21623 | D:10     | Bought 2 scrolls of identify for 52 gold pieces
 21626 | D:10     | Bought a scroll of identify for 26 gold pieces
 21626 | D:10     | Bought a scroll of identify for 26 gold pieces
 21626 | D:10     | Bought a scroll of identify for 26 gold pieces
 21711 | Lair:1   | Entered Level 1 of the Lair of Beasts
 22161 | Lair:1   | Reached skill level 1 in Necromancy
 23246 | Lair:1   | Noticed a five-headed hydra
 23253 | Lair:1   | Noticed a seven-headed hydra
 23296 | D:9      | Banished a seven-headed hydra
 23297 | D:9      | Reached XP level 14. HP: 95/116 MP: 6/21
 25338 | Lair:2   | You fall into a shaft and drop 2 floors!
 26076 | Lair:2   | Noticed Urug
 26091 | Lair:2   | Reached skill level 13 in Fighting
 26097 | Lair:2   | Killed Urug
 26098 | Lair:2   | Reached skill level 10 in Invocations
 27474 | Lair:3   | Found a staircase to the Shoals.
 28762 | Lair:4   | You fall into a shaft and drop 1 floor!
 28940 | Lair:4   | Found a hole to the Spider Nest.
 30506 | Lair:5   | Reached XP level 15. HP: 109/124 MP: 23/23
 31457 | Lair:6   | Entered Level 6 of the Lair of Beasts
 31944 | Lair:6   | Reached ****** piety under Lugonu
 32626 | Lair:6   | Reached skill level 15 in Shields
 32802 | Lair:6   | Learned a level 5 spell: Borgnjor's Vile Clutch
 32857 | Lair:6   | Reached skill level 14 in Fighting
 33020 | Lair:5   | Reached skill level 1 in Earth Magic
 33123 | Lair:5   | Reached skill level 1 in Spellcasting
 33379 | Lair:6   | Found a hazy altar of Hepliaklqana.
 34553 | Lair:6   | Found a staircase to the Slime Pits.
 34902 | Lair:6   | Reached XP level 16. HP: 133/133 MP: 25/25
 35272 | Lair:6   | Reached skill level 5 in Necromancy
 35991 | Lair:6   | Identified the +1 ring mail "Xeffypuch" {Stlth+}
 36991 | D:12     | Noticed Gastronok
 36992 | D:12     | Found Imoadghul's Changing Room.
 37009 | D:12     | Killed Gastronok
 37010 | D:12     | Reached skill level 1 in Crossbows
 38105 | D:13     | Found a gate to the Vaults.
 39267 | D:13     | Identified the +1 robe of Vanity {Harm rF+++ Will+}
 39855 | D:13     | Identified the +2 ring mail of Unuobe {Regen+ Dex+2}
 40501 | D:13     | Reached skill level 5 in Crossbows
 40684 | D:14     | Found a basalt altar of Yredelemnul.
 41676 | D:15     | Entered Level 15 of the Dungeon
 41680 | D:15     | Noticed Louise
 41722 | D:15     | Cast into level 2 of the Abyss (Louise)
 41758 | D:15     | Escaped the Abyss
 41779 | D:15     | Killed Louise
 41780 | D:15     | Reached XP level 17. HP: 105/140 MP: 26/26
 42190 | D:15     | Noticed Azrael
 42218 | D:15     | Killed Azrael
 42399 | D:15     | Reached skill level 15 in Fighting
 42416 | D:15     | Found a sacrificial altar of Ru.
 43271 | D:15     | Found a staircase to the Depths.
 43826 | Orc:1    | Entered Level 1 of the Orcish Mines
 43947 | Orc:1    | Found a flagged portal.
 43980 | Bailey   | Entered a bailey
 44244 | Bailey   | Found the necklace of Bloodlust {*Rage +Rage Will++ Int-3
                  | Slay+6}
 45108 | Orc:2    | Entered Level 2 of the Orcish Mines
 46319 | Orc:2    | Found Jynagew's Armour Emporium.
 46514 | Orc:2    | Found a staircase to the Elven Halls.
 46675 | Orc:2    | Found Bydgheic's Magic Scroll Shoppe.
 47181 | Orc:2    | Found Xicost's Antique Weapon Shoppe.
 47183 | Orc:2    | Found Neassi's Antique Armour Emporium.
 47311 | Orc:2    | Bought a distressingly furry plate armour for 896 gold
                  | pieces
 47311 | Orc:2    | Identified the +12 plate armour of Ixemm {Int+2} (You
                  | bought it in a shop on level 2 of the Orcish Mines)
 47622 | Spider:1 | Entered Level 1 of the Spider Nest
 49472 | Spider:1 | Reached XP level 18. HP: 46/151 MP: 27/27
 50256 | Spider:2 | Reached skill level 10 in Crossbows
 51229 | Spider:2 | Reached skill level 16 in Fighting
 51366 | Spider:2 | Reached XP level 19. HP: 144/157 MP: 28/28
 52202 | Spider:4 | Entered Level 4 of the Spider Nest
 53119 | Spider:4 | Corrupted Spider:4
 53119 | Spider:4 | Noticed a bone dragon
 53121 | Spider:4 | Noticed a lich
 55138 | Spider:4 | Reached XP level 20. HP: 61/166 MP: 29/29
 55571 | Spider:4 | Got a gossamer rune of Zot
 55775 | Shoals:1 | Entered Level 1 of the Shoals
 56697 | Shoals:1 | Found Pamihob's Book Shop.
 57294 | Shoals:2 | Killed from afar by a wind drake

Illustrated notes

Levels and vault maps discovered:
D:1:      kilobyte_arrival_exit_the_forest, layout_basic
D:2:      layout_basic, basic_ecumenical_altar
D:3:      layout_basic, okawaru_metal_pillars_1_2, serial_shops, shop
D:4:      layout_basic, eat_drink_and_be_merry_uskayaw, old_standard_altar
D:5:      minmay_spotlight, layout_rooms, nicolae_wu_jian_immortal_techniques,
          minmay_temple_entry_butterflies, dk_vineyard_1, grunt_ministairs_8
D:6:      layout_gridville, cheibriados_altar_1, lemuel_tele_altar, uniq_edmund
D:7:      layout_basic, kennysheep_mini
D:8:      nzn_winding_woodlands_small [nzn_winding_woodlands_5x15_eye,
          nzn_winding_woodlands_center_lodge,
          nzn_winding_woodlands_5x15_default], layout_rooms, serial_shops, shop,
          grunt_potential
D:9:      minmay_the_grid_square_5x5_4x4 [minmay_the_grid_square_5x5_corner,
          minmay_the_grid_square_5x5_shuriken,
          minmay_the_grid_square_5x5_minibox,
          minmay_the_grid_square_5x5_inverted_slash,
          minmay_the_grid_square_5x5_six_small,
          minmay_the_grid_square_5x5_prize_gold,
          minmay_the_grid_square_5x5_prize_pseudospiral,
          minmay_the_grid_square_5x5_checkered_statues,
          minmay_the_grid_square_5x5_z,
          minmay_the_grid_square_5x5_prize_monsterx,
          minmay_the_grid_square_5x5_prize_open,
          minmay_the_grid_square_5x5_intrusive_squares,
          minmay_the_grid_square_5x5_bridge,
          minmay_the_grid_square_5x5_half_checkered,
          minmay_the_grid_square_5x5_fat_x,
          minmay_the_grid_square_5x5_trominoes], layout_cave_pods,
          grunt_temple_overflow_gold_and_silver, lemuel_crystal_altar,
          nicolae_overflow_hidden_temple
D:10:     layout_long_grid, overflow_temple_1_default, old_standard_altar,
          serial_shops, shop_fountains, chequers_serial_rivers_micro_d
D:11:     layout_cross, hiddenorc2_lemuel, minivault_12
D:12:     layout_irregular_city, nicolae_transmutations_shop, uniq_gastronok
D:13:     layout_layer_cave, grunt_vaults_entry_tiered
D:14:     layout_loops_cross, minmay_misc_feat_enclosed,
          lemuel_zombie_altar_yredelemnul
D:15:     hangedman_depths_entry_civil_slaughter, layout_stronghold,
          nicolae_ru_path_of_blood, uniq_louise, uniq_azrael
Temple:   grunt_temple_mini_profane
Lair:1:   kb_forest_paths, layout_long_grid, beast_lair_carwin_7
Lair:2:   layout_small_grid, uniq_urug
Lair:3:   layout_gridlike, elwin_shoals_entry_rocks
Lair:4:   layout_roguey, spider_nest_entry_web_field, grunt_megastairs_2
Lair:5:   layout_cave_shapes, grunt_megastairs_1
Lair:6:   hangedman_lair_caniforms_friends, layout_hall_layers,
          hangedman_lair_tendril_chambers, dpeg_slime_entry_corner, basic_altar,
          chequers_serial_rivers_room_b, minmay_lair_oklob_chamber
Shoals:1: layout_shoals, nicolae_shoals_c_island
Shoals:2: layout_shoals
Spider:1: layout_spider_delve, nicolae_looking_at_the_future
Spider:2: layout_spider_delve, drop_trap, nicolae_spider_spiderdrome
Spider:3: layout_spider_delve, nicolae_spider_wall_of_niches
Spider:4: floodkiller_spider_rune_tomb, ebering_ghost_rock_garden
Orc:1:    minmay_goldmine, layout_diamond_mine, enter_bailey_5
Orc:2:    grunt_orc_community_town_hall, layout_diamond_mine,
          grunt_orc_community_big_house_2, grunt_orc_community_big_house_2,
          grunt_orc_community_house_3, grunt_orc_community_house_1,
          grunt_orc_community_house_2, grunt_orc_community_house_3,
          grunt_orc_community_house_1, grunt_orc_community_house_1, rock_pile

Skill      XL: |  1  2  3  4  5  6  7  8  9 10 11 12 13 14 15 16 17 18 19 |
---------------+----------------------------------------------------------+-----
Invocations    | 3 4 5 6 8 9 10 12 | 12.0
Armour         | 3 4 5 6 8 9 10 11 12 13 14 | 14.6
Fighting       | 4 5 6 7 8 9 10 11 12 13 14 15 16 | 16.6
Polearms       | 1 3 5 7 8 9 11 12 13 14 | 14.8
Shields        | 5 8 9 12 14 15 | 15.0
Necromancy     | 2 3 4 5 |  5.4
Earth Magic    | 2 3 |  3.4
Spellcasting   | 2 |  2.9
Crossbows      | 6 9 11 13 | 13.7
Long Blades    | |  2.0
Dodging        | |  0.8

Action                   |  1- 3 |  4- 6 |  7- 9 | 10-12 | 13-15 | 16-18 | 19-21 || total
-------------------------+-------+-------+-------+-------+-------+-------+-------++-------
Melee: Falchion          |   103 |    50 |       |       |       |       |       ||   153
       Whip              |       |   159 |    45 |       |       |       |       ||   204
       Glaive            |       |       |   219 |   543 |  1236 |  1372 |   574 ||  3944
       Demon trident     |       |       |       |       |    36 |    46 |       ||    82
 Fire: Shortbow          |       |       |       |     1 |    22 |    31 |       ||    54
       Hand crossbow     |       |       |       |       |     1 |     5 |       ||     6
       Arbalest          |       |       |       |       |     4 |    13 |    38 ||    55
Throw: Dart              |       |       |       |     4 |    15 |    50 |       ||    69
Invok: Bend Space        |       |     1 |     6 |     3 |     4 |     1 |     2 ||    17
       Banish            |       |       |       |     4 |     9 |       |     1 ||    14
       Corrupt           |       |       |       |       |       |       |     1 ||     1
 Abil: Dig               |       |       |     1 |     3 |    19 |    25 |     2 ||    50
Evoke: Wand              |       |       |     1 |     2 |     5 |     6 |       ||    14
  Use: Scroll            |       |     5 |    10 |     5 |     8 |     7 |     3 ||    38
       Potion            |       |       |     1 |     2 |     2 |     5 |     5 ||    15
 Stab: Petrified         |       |       |       |       |     2 |       |       ||     2
       Invisible         |       |       |       |       |       |       |     1 ||     1
       Held in net/web   |       |       |       |       |       |       |     1 ||     1
Armor: Leather armour    |    15 |       |       |       |       |       |       ||    15
       Scale mail        |    27 |   100 |    85 |       |       |       |       ||   212
       Plate armour      |       |       |    46 |   305 |   324 |   413 |   490 ||  1578
Dodge: Dodged            |    80 |    95 |   170 |   160 |   309 |   353 |   406 ||  1573
       Repelled          |       |       |     1 |     2 |     2 |     7 |     5 ||    17
Block: Other             |       |     6 |    70 |     3 |       |       |       ||    79
       Reflection        |       |       |     2 |    35 |    10 |    82 |       ||   129
       Kite shield       |       |       |       |   611 |   209 |       |       ||   820
       Tower shield      |       |       |       |       |  1349 |  1585 |   964 ||  3898
       Rpst.: Falchion   |    23 |     5 |       |       |       |       |       ||    28

Table legend: (Time is in decaauts)
 A = Elapsed time spent in this place.
 B = Non-inter-level travel time spent in this place.
 C = Inter-level travel time spent in this place.
 D = Time resting spent in this place.
 E = Time spent auto-exploring this place.
 F = Levels seen in this place.
 G = Mean time per level.
                   A        B        C        D        E       F      G
               +--------+--------+--------+--------+--------+-----+--------+
         Total |  58225 |  53782 |   4443 |  21074 |  18152 |  33 | 1764.4 |
       Dungeon |  30382 |  27718 |   2664 |  10460 |  11440 |  15 | 2025.5 |
        Temple |    130 |    130 |      0 |      0 |      0 |   1 |  130.0 |
          Lair |  14685 |  13767 |    918 |   5404 |   3839 |   6 | 2447.5 |
        Shoals |   1588 |   1527 |     61 |    562 |    496 |   2 |  794.0 |
   Spider Nest |   7769 |   7219 |    550 |   3651 |   1341 |   4 | 1942.2 |
  Orcish Mines |   3068 |   2820 |    248 |    809 |   1013 |   2 | 1534.0 |
         Abyss |     42 |     42 |      0 |      0 |      2 |   2 |   21.0 |
        Bailey |    556 |    556 |      0 |    188 |     19 |   1 |  556.0 |
               +--------+--------+--------+--------+--------+-----+--------+

Top non-repeatable levels by time:
     D:9: 3541 daAuts
     D:7: 3234 daAuts
  Lair:6: 3008 daAuts
  Lair:5: 2850 daAuts
  Lair:1: 2849 daAuts
Spider:4: 2639 daAuts
     D:8: 2603 daAuts
  Lair:4: 2388 daAuts
     D:5: 2102 daAuts
    D:11: 2101 daAuts
    D:10: 2070 daAuts
  Lair:3: 1920 daAuts
Spider:1: 1895 daAuts
     D:6: 1882 daAuts
    D:12: 1875 daAuts
